 Dungeon Crawl Stone Soup version 0.23.2-40-g277498a001 (webtiles) character file.

Game seed: 3071000048344597939

28 Acheron the Chopper (level 3, -2/22 HPs)
             Began as a Gargoyle Gladiator on Sept 17, 2019.
             Slain by a leopard gecko (3 damage)
             ... on level 3 of the Dungeon.
             The game lasted 00:03:17 (843 turns).

Acheron the Chopper (Gargoyle Gladiator)             Turns: 843, Time: 00:03:20

Health: -2/22      AC:  7    Str: 17    XL:     3   Next: 12%
Magic:  3/3        EV: 12    Int:  8    God:
Gold:   16         SH:  0    Dex: 12    Spells: 2/2 levels left

rFire    . . .     SeeInvis .   a - +0 war axe
rCold    . . .     Gourm    .   (no shield)
rNeg     + . .     Faith    .   b - +0 leather armour
rPois    ∞         Spirit   .   c - +0 helmet
rElec    +         Reflect  .   (no cloak)
rCorr    .         Harm     .   (no gloves)
MR       .....                  (no boots)
Stlth    +.........             (no amulet)
HPRegen  0.07/turn              (no ring)
MPRegen  0.08/turn              (no ring)

@: no status effects
A: negative energy resistance 1, electricity resistance, unbreathing,
petrification resistance, rot immunity, AC +3
a: no special abilities


You were on level 3 of the Dungeon.
You were not hungry.

You visited 1 branch of the dungeon, and saw 3 of its levels.

You collected 16 gold pieces.

Inventory:

Hand Weapons
 a - a +0 war axe (weapon)
 e - a +2 short sword of speed
Missiles
 d - 3 throwing nets (quivered)
 i - 49 stones
Armour
 b - a +0 leather armour (worn)
 c - a +0 helmet (worn)
Jewellery
 g - an uncursed ring of fire {unknown}
Scrolls
 h - 5 scrolls of identify
 l - a scroll of remove curse {unknown}
 m - a scroll of fear {unknown}
Potions
 j - a potion of lignification {unknown}
 k - a potion of berserk rage {unknown}
Comestibles
 f - 2 rations
 n - 6 chunks of flesh


   Skills:
 * Level 2.5 Fighting
 * Level 3.2 Axes
 * Level 1.9 Throwing
 * Level 0.5 Armour
 + Level 2.5 Dodging
 * Level 0.3 Stealth
 * Level 0.3 Spellcasting


You had 2 spell levels left.
You didn't know any spells.
Your spell library was empty.

Dungeon Overview and Level Annotations

Branches:
Dungeon (3/15)

Altars:


Innate Abilities, Weirdness & Mutations

You are resistant to torment.
Your stone body is resilient. (AC +3)
You are immune to poison.
You resist negative energy. (rN+)
You are resistant to electric shocks. (rElec)
You can survive without breathing.
You are immune to petrification.
You are immune to rotting.


Message History

You kill the hobgoblin!
You hit the kobold but do no damage.
You hit the leopard gecko but do no damage.
The leopard gecko bites you but does no damage.
The adder closely misses you. The kobold hits you but does no damage.
The leopard gecko closely misses you. The adder bites you but does no damage.
You barely miss the adder.
The adder is severely wounded.
You closely miss the leopard gecko. You hit the kobold.
You kill the kobold!
The leopard gecko bites you.
* * * LOW HITPOINT WARNING * * *
The adder bites you but does no damage.
You closely miss the adder.
The adder is severely wounded.
You miss the leopard gecko. The adder bites you.
* * * LOW HITPOINT WARNING * * *
The leopard gecko bites you but does no damage.
The adder closely misses you. The leopard gecko bites you.
You die...

#..### ##.....##
#.......##
.........#
.........#
.........########
................#
.........######.#
.......@## #.#
.....[Sl†# #.#
.........# #.#
.........# #.#
.........# #.#
.........# #.#
#......... ##.#
##.....### #..#
#.##


You could see an adder and a leopard gecko.

Vanquished Creatures
  An ooze (D:1)
  A worm (D:2)
  A giant cockroach (D:1)
  4 goblins
  3 hobgoblins
  5 kobolds
  A bat (D:1)
  2 frilled lizards (D:1)
  3 rats (D:1)
21 creatures vanquished.

Notes
Turn   | Place    | Note
-------+----------+-------------------------------------------
     0 | D:1      | Acheron the Gargoyle Gladiator began the quest for the Orb.
     0 | D:1      | Reached XP level 1. HP: 12/12 MP: 1/1
    93 | D:1      | Reached XP level 2. HP: 17/17 MP: 2/2
   282 | D:1      | Reached skill level 3 in Axes
   759 | D:2      | Reached XP level 3. HP: 20/22 MP: 3/3
   843 | D:3      | HP: 1/22 [adder (3)]
   843 | D:3      | Slain by a leopard gecko

Skill      XL: |  1  2 |
---------------+-------+-----
Axes           | 3 |  3.2
Fighting       | |  2.5
Throwing       | |  1.9
Armour         | |  0.5
Dodging        | |  2.5
Stealth        | |  0.3
Spellcasting   | |  0.3

Action                   || total
-------------------------++-------
Melee: War axe           ||    64
  Use: Scroll            ||     1
Armor: Leather armour    ||    34
Dodge: Dodged            ||    56
